[Event "*** Titled Tuesday Blitz"]
[Site "Chess.com"]
[Date "2018.01.02"]
[Round "6"]
[White "Babbelbox"]
[Black "Kaphrep"]
[Result "1/2-1/2"]
[WhiteElo "2443"]
[BlackElo "2636"]
[TimeControl "180+2"]
[EndTime "14:19:44 PST"]
[Termination "Game drawn by repetition"]

1. d4 d5 2. c4 e6 3. Nc3 Nf6 4. cxd5 exd5 5. Bg5 c6 6. e3 Be7 7. Qc2 Nbd7 8. Bd3 O-O 9. Nf3 Re8 10. O-O g6 11. h3 Nh5 12. Bh6 Nb6 13. Ne5 Ng7 14.
g4 Bd6 15. f4 f6 16. Bxg6 fxe5 17. Bxh7+ Kh8 18. Bxg7+ Kxg7 19. Qg6+ Kh8 20. fxe5 Re7 21. Qf6+ Kxh7 22. exd6 Rd7 23. Qf5+ Kg8 24. Qe6+ Kh7 25. Rf6 Rxd6 26. Qf7+ Kh8 27. Qh5+ Kg8 28. Qg6+ Kh8 29. Rxd6 Qh4 30. Rf1 Qg3+ 31. Kh1 Qxh3+ 32. Kg1 Qg3+ 33. Kh1 Qh3+ 34. Kg1 Qg3+ 35. Kh1 Qh3+ 1/2-1/2

[Event "*** Titled Tuesday Blitz"]
[Site "Chess.com"]
[Date "2018.01.02"]
[Round "6"]
[White "ViktorMatviishen"]
[Black "AndrewDGreen"]
[Result "1-0"]
[WhiteElo "2269"]
[BlackElo "2119"]
[TimeControl "180+2"]
[EndTime "14:19:46 PST"]
[Termination "ViktorMatviishen won by resignation"]

1. d4 Nf6 2. c4 c5 3. d5 e5 4.
Nc3 d6 5. e4 Nbd7 6. Bd3 Be7 7.
Nge2 h5 8. O-O Nf8 9. f4 exf4 10. Nxf4 N8d7 11. Qe1 Ne5 12. Qg3 g5 13. Nfe2 h4 14. Qe3 Nfg4 15. Qd2 Nxd3 16. Qxd3 Ne5 17. Qc2 Bg4 18.
Be3 Qd7 19. b3 Bh5 20. Rf5 Bg6 21. Raf1 Bxf5 22. Rxf5 O-O-O 23. Nc1 Rdg8 24. Nd3 f6 25. b4 cxb4 26. Nb5 a6 27. Nd4 Kb8 28. Nxb4 Rc8 29. Qb3 Ka8 30. Ne6 Nxc4 31. Bf2 Ne5 32. Qe3 b6 33.
Nxa6 Qb5 34. Nac7+ Rxc7 35. Nxc7+ Kb7 36. Nxb5 1-0

[Event "*** Titled Tuesday Blitz"]
[Site "Chess.com"]
[Date "2018.01.02"]
[Round "6"]
[White "theblitzchamp"]
[Black "SquashMaestro"]
[Result "1-0"]
[WhiteElo "2446"]
[BlackElo "2249"]
[TimeControl "180+2"]
[EndTime "14:19:51 PST"]
[Termination "theblitzchamp won on time"]

1. e4 c5 2. Nf3 Nc6 3. d4 cxd4 4. Nxd4 e5 5. Nb5 d6 6. a4 Be7 7. N1c3 a6 8. Na3 Nf6 9. Be3 O-O 10. f3 Be6 11.
Nd5 Bxd5 12. exd5 Qa5+ 13. c3 Nxd5 14. Bf2 Nf4 15. g3 Ne6 16. Nc4 Qc7 17. Nb6 Rab8 18.
Bh3 Bg5 19. O-O f5 20. Qd5 Qe7 21. Rad1 Rbd8 22. Rfe1 Kh8 23. Qd3 g6 24. Nd5 Qf7 25.
Bb6 Rd7 26. a5 Bd8 27. b4 Ng5 28. Bg2 Bxb6+ 29. Nxb6 Rdd8 30. Nc4 e4 31. fxe4 fxe4 32. Qe3 Nf3+ 33. Bxf3 exf3 34. Nxd6 f2+ 35. Kg2 1-0

[Event "*** Titled Tuesday Blitz"]
[Site "Chess.com"]
[Date "2018.01.02"]
[Round "6"]
[White "nicegg"]
[Black "evgenysharapov"]
[Result "0-1"]
[WhiteElo "2002"]
[BlackElo "2370"]
[TimeControl "180+2"]
[EndTime "14:19:53 PST"]
[Termination "evgenysharapov won on time"]

1. e4 c5 2. Qh5 e6 3. f4 Nc6 4. c3 Nf6 5. Qf3 d6 6. d3 Be7 7. g4 Qc7 8. g5 Nd7 9. h4 b6 10. Be3 Bb7 11. Nd2 O-O-O 12. O-O-O d5 13. Kb1 d4 14. Bf2 dxc3 15. bxc3 Na5 16. Ne2 c4 17. d4 b5 18. Ka1 Nb6 19. Bg2 Na4 20. Rb1 a6 21. f5 e5 22. Bg3 Bd6 23. Rhd1 Rhe8 24. dxe5 Bxe5 25. Bxe5 Qxe5 26. Bh3 Kb8 27. Rbc1 Rd3 28. Qf4 Rxh3 29. Nxc4 Nxc4 30. Rd8+ Ka7 31. Rxe8 Qxe8 32. Qf2+ Nab6 33. Nf4 Re3 34. Nd5 Bxd5 35. exd5 Qe5 36. d6 Qxd6 37. f6 g6 38. h5 Qa3 0-1

[Event "*** Titled Tuesday Blitz"]
[Site "Chess.com"]
[Date "2018.01.02"]
[Round "6"]
[White "angieflynn"]
[Black "FrankieJay"]
[Result "0-1"]
[WhiteElo "1840"]
[BlackElo "2271"]
[TimeControl "180+2"]
[EndTime "14:19:53 PST"]
[Termination "FrankieJay won by resignation"]

1. d4 Nf6 2. Bf4 d5 3. e3 c5 4. c3 cxd4 5. exd4 Nc6 6. Nf3 Bg4 7. h3 Bh5 8. Be2 e6 9. O-O Be7 10. Nbd2 O-O 11. Ne5 Bxe2 12. Qxe2 Nxe5 13. dxe5 Nd7 14. Bh2 b5 15. Kh1 b4 16. cxb4 Bxb4 17. a3 Be7 18. b4 Qb6 19. Nb3 Rfc8 20. Rac1 g6 21. Qd3 Rxc1 22. Rxc1 Qxf2 23. Qb5 Nb6 24. Qa6 Qb2 25.
Bg1 Bg5 26. Rc7 Qxb3 27. Rxa7 Rxa7 28. Qxa7 Nc4 29. Qb8+ Kg7 30. b5 Qb1 31. Qa7 Be3 0-1

[Event "*** Titled Tuesday Blitz"]
[Site "Chess.com"]
[Date "2018.01.02"]
[Round "6"]
[White "StellarChessPro"]
[Black "littleozy"]
[Result "0-1"]
[WhiteElo "2381"]
[BlackElo "2392"]
[TimeControl "180+2"]
[EndTime "14:19:55 PST"]
[Termination "littleozy won on time"]

1. d4 Nf6 2. Bg5 g6 3. Bxf6 exf6 4. e3 d5 5. Ne2 Bd6 6. h4 h5 7. g3 O-O 8. Bg2 c6 9. Nf4 Bf5 10. O-O Re8 11. Nd2 Nd7 12. b3 a5 13. a4 Bb4 14.
Rc1 Nb6 15. c4 Rc8 16. cxd5 cxd5 17. Rxc8 Bxc8 18. e4 dxe4 19. Nxe4 Kg7 20. Nc5 Qe7 21.
Nfd3 Bc3 22. Nf4 Rd8 23. Ne2 Bb4 24. Qc1 Qxe2 25. Nxb7 Bxb7 26. Bxb7 Rxd4 27. Qc7 Nd7 28. Qc8 Ne5 29. Ba6 Qe4 30. Bb7 Qd3 31. Bg2 Nf3+ 32. Kh1 Nd2 33. Rd1 Qe2 34. Qc2 Rd6 35. Kg1 Nf3+ 36.
Bxf3 Qxc2 37. Rxd6 Bxd6 0-1

[Event "*** Titled Tuesday Blitz"]
[Site "Chess.com"]
[Date "2018.01.02"]
[Round "6"]
[White "tteshan"]
[Black "abruptum"]
[Result "0-1"]
[WhiteElo "2020"]
[BlackElo "2307"]
[TimeControl "180+2"]
[EndTime "14:20:01 PST"]
[Termination "abruptum won by checkmate"]

1. d4 g6 2. c4 Bg7 3. Nc3 d6 4. e4 e5 5. d5 a5 6. Be2 Na6 7. h3 f5 8. exf5 gxf5 9. Nf3 Nf6 10. Bg5 O-O 11. Qd2 Nc5 12. g3 Bd7 13. b3 Qe8 14.
Be3 Nce4 15. Nxe4 Nxe4 16. Qc2 f4 17. gxf4 exf4 18. Bd4 Bxd4 19. Nxd4 f3 20. Rg1+ Kh8 21. Bxf3 Ng5+ 22. Be2 Qe5 23. O-O-O Rxf2 24. Qd2 Rf4 25.
Bg4 Bxg4 26. hxg4 a4 27. Rge1 Ne4 28. Qb2 axb3 29. axb3 Rf2 30. Rxe4 Qg5+ 31. Rd2 Ra1+ 32. Qxa1 Qxd2+ 33. Kb1 Qd1# 0-1

[Event "*** Titled Tuesday Blitz"]
[Site "Chess.com"]
[Date "2018.01.02"]
[Round "6"]
[White "kleinebeer98"]
[Black "ftorodent"]
[Result "0-1"]
[WhiteElo "2513"]
[BlackElo "2498"]
[TimeControl "180+2"]
[EndTime "14:20:05 PST"]
[Termination "ftorodent won by resignation"]

1. e4 e6 2. d4 d5 3. Nd2 Be7 4. Ngf3 Nf6 5. e5 Nfd7 6. Bd3 c5 7. c3 b6 8. O-O Ba6 9. Ne1 Bxd3 10. Nxd3 Nc6 11.
Qg4 O-O 12. Nf3 Kh8 13. Bg5 h6 14. Be3 cxd4 15. cxd4 Rg8 16. h4 Bf8 17. g3 Rc8 18.
Kg2 Qe8 19. Ng5 Ne7 20. Qh5 g6 21. Qf3 Nf5 22. Rh1 Kg7 23. Nh3 Be7 24. Nhf4 Rc2 25. Rac1 Rxc1 26. Rxc1 Qb8 27. Qg4 Rc8 28. Rxc8 Qxc8 29.
Qe2 Qc4 30. b3 Qc3 31. Qg4 Qc2 32. Ne1 Nxe3+ 0-1

[Event "*** Titled Tuesday Blitz"]
[Site "Chess.com"]
[Date "2018.01.02"]
[Round "6"]
[White "IamSchrodingersCat"]
[Black "Divertissement"]
[Result "0-1"]
[WhiteElo "2373"]
[BlackElo "2431"]
[TimeControl "180+2"]
[EndTime "14:20:05 PST"]
[Termination "Divertissement won on time"]

1. e4 e6 2. d3 b6 3. Nf3 Bb7 4. Nbd2 c5 5. g3 Nc6 6. Bg2 d5 7. O-O Nf6 8. e5 Ng8 9. Re1 h5 10. h4 Nh6 11. Nf1 Nf5 12. Bf4 Be7 13. c3 Qd7 14.
Ng5 g6 15. Rc1 d4 16. a3 Bxg5 17. Bxg5 Nce7 18. c4 Bxg2 19. Kxg2 Qb7+ 20. Qf3 Qxf3+ 21. Kxf3 a5 22. Nd2 Kd7 23. Rb1 Nc6 24. Bf6 Rhb8 25. a4 Nb4 26. Ke4 Ne7 27. Nf3 Ng8 28. Bg7 Na6 29. Ng5 Ke7 30. Nh7 Nc7 31. Rh1 Ne8 32. Bh8 Nh6 33. Bf6+ Kd7 34. Rbf1 Ng4 35. Bg5 f5+ 36.
exf6 Nd6+ 37. Kf3 Rh8 0-1

[Event "*** Titled Tuesday Blitz"]
[Site "Chess.com"]
[Date "2018.01.02"]
[Round "6"]
[White "SergeiAza"]
[Black "grzechu96"]
[Result "1-0"]
[WhiteElo "2659"]
[BlackElo "2446"]
[TimeControl "180+2"]
[EndTime "14:20:06 PST"]
[Termination "SergeiAza won by resignation"]

1. e4 c5 2. Nf3 d6 3. d4 cxd4 4. Nxd4 Nf6 5. Nc3 a6 6. Bg5 Nbd7 7. f4 Qc7 8. Be2 b5 9. a4 b4 10. Nd5 Nxd5 11. exd5 Bb7 12. Bf3 Nb6 13. O-O Nxd5 14. Re1 e6 15. Kh1 Be7 16. Bxd5 Bxd5 17. Bxe7 Kxe7 18. Nxe6 Bxe6 19. f5 Qc4 20. b3 Qc3 21.
fxe6 f6 22. Qh5 g6 23. Qd5 Ra7 24. Rad1 Rd8 25. Rf1 Rc7 26. h3 Qxc2 27. Qd4 Qc3 28. Qh4 Kxe6 29. Rfe1+ Kd7 30. Qxh7+ Kc8 31. Qxg6 d5 32.
Qf5+ Kb8 33. Re6 Qxb3 34. Rde1 Rb7 35. Qf4+ Ka7 36. Qxf6 Qxa4 37. Qxd8 b3 38. Qxd5 Qb4 39. Qc6 1-0

[Event "*** Titled Tuesday Blitz"]
[Site "Chess.com"]
[Date "2018.01.02"]
[Round "6"]
[White "Angry_Serb"]
[Black "pKiLz5Rn9b"]
[Result "0-1"]
[WhiteElo "2428"]
[BlackElo "2622"]
[TimeControl "180+2"]
[EndTime "14:20:08 PST"]
[Termination "pKiLz5Rn9b won by checkmate"]

1. e4 e6 2. d4 d5 3. Nc3 dxe4 4. Nxe4 Nd7 5. g3 Be7 6. Bg2 Ngf6 7. Nxf6+ Bxf6 8.
Nf3 O-O 9. O-O c6 10. Re1 Qb6 11. c3 Rd8 12. Qe2 c5 13. dxc5 Qxc5 14. Be3 Qc7 15. Bf4 Qb6 16. Rad1 h6 17. Rd6 Qa5 18. a3 Re8 19.
Ne5 Nb6 20. Qh5 Rf8 21. Qg4 Kh8 22. Qh3 Kg8 23. Ng4 Be7 24. Re5 Qa4 25. Rd2 f5 26.
Nxh6+ gxh6 27. Qxh6 Qe8 28. Bg5 Nc4 29. Rxe6 Bxe6 30.
Qxe6+ Qf7 31. Qxf7+ Rxf7 32. Rd4 Bxg5 33. Rxc4 Rd8 34. f4 Bf6 35. Bf3 Kg7 36. Kg2 Rd2+ 37. Kh3 Kg6 38. g4 Rh7+ 39. Kg3 Bh4+ 40. Kh3 Be1# 0-1

[Event "*** Titled Tuesday Blitz"]
[Site "Chess.com"]
[Date "2018.01.02"]
[Round "6"]
[White "Andrejs_Sokolov"]
[Black "manubibi"]
[Result "1-0"]
[WhiteElo "2616"]
[BlackElo "2447"]
[TimeControl "180+2"]
[EndTime "14:20:09 PST"]
[Termination "Andrejs_Sokolov won by resignation"]

1. d4 Nf6 2. Nf3 g6 3. g3 Bg7 4. Bg2 O-O 5. O-O d5 6. c4 c6 7. cxd5 cxd5 8. Nc3 Nc6 9. Ne5 e6 10. f4 Nd7 11. Be3 Ndxe5 12. fxe5 Qb6 13. Qd2 Bd7 14.
Rac1 Rac8 15. Bf2 Na5 16. b3 Bc6 17. e4 dxe4 18. d5 Qb4 19. dxc6 Nxc6 20. Nxe4 Qxd2 21. Nxd2 Nxe5 22. Bxb7 Rxc1 23. Rxc1 Nd3 24. Rc8 Rxc8 25. Bxc8 Nxf2 26. Kxf2 Kf8 27. Nc4 Ke7 28. b4 Kd8 29. Bb7 Kc7 30. Bg2 Bc3 31. a3 f5 32.
Ke2 e5 33. Kd3 Ba1 34. b5 e4+ 35. Kc2 Bd4 36. a4 Bg1 37. h3 h5 38. g4 hxg4 39.
hxg4 Bd4 40. Kd2 Kd7 41. Ke2 Ke6 42. Na5 Kd5 43. Nc6 Bb6 44. Ne7+ Kc4 45. gxf5 gxf5 46. Nxf5 Kb4 47. Bxe4 Kxa4 48. Bc6 Bc5 49. b6+ Ka5 50.
b7 1-0

[Event "*** Titled Tuesday Blitz"]
[Site "Chess.com"]
[Date "2018.01.02"]
[Round "6"]
[White "windking123"]
[Black "LazarusIcarus"]
[Result "1-0"]
[WhiteElo "2421"]
[BlackElo "2225"]
[TimeControl "180+2"]
[EndTime "14:20:12 PST"]
[Termination "windking123 won by resignation"]

1. Nf3 d5 2. d4 Nf6 3. g3 Bg4 4. Bg2 Nbd7 5. Ne5 Bh5 6. O-O e6 7. c4 c6 8. Nc3 Bd6 9. cxd5 exd5 10. Nd3 O-O 11. Bf4 Bxf4 12. Nxf4 Bg6 13. b4 Re8 14. a4 a6 15. e3 Ne4 16. Nxe4 Bxe4 17. Qb3 Bxg2 18. Kxg2 Qe7 19. b5 Qe4+ 20. Kg1 g5 21. Nd3 h5 22. bxc6 bxc6 23. Qc3 h4 24. Rfc1 h3 25. Ne1 Rac8 26. Qd3 Qe6 27. Qxa6 c5 28.
Qxe6 Rxe6 29. dxc5 Rxc5 30. Rd1 Ne5 31. Rd4 Kg7 32.
Rad1 Rd6 33. Kf1 Kf6 34. f4 Ng4 35. fxg5+ Kxg5 36. Nf3+ Kf5 37. e4+ dxe4 38. Rxd6 exf3 39. R1d5+ Rxd5 40. Rxd5+ Ke4 41. Rd2 Ke3 42. Ra2 f2 43. Ra3+ Ke4 44. Ke2 Nxh2 45. Kxf2 Ng4+ 46. Kg1 Kd5 47. Rf3 Kc4 48. Rf4+ 1-0

[Event "*** Titled Tuesday Blitz"]
[Site "Chess.com"]
[Date "2018.01.02"]
[Round "6"]
[White "arna"]
[Black "SabinaFoisor"]
[Result "0-1"]
[WhiteElo "2093"]
[BlackElo "2327"]
[TimeControl "180+2"]
[EndTime "14:20:17 PST"]
[Termination "SabinaFoisor won by resignation"]

1. e4 e5 2. Nf3 Nc6 3. Nc3 Nf6 4.
d4 exd4 5. Nxd4 Bc5 6. Be3 Bb6 7.
Bc4 O-O 8. Qd2 Ng4 9. Nxc6 Bxe3 10. Nxd8 Bxd2+ 11. Kxd2 Rxd8 12. f3 Ne5 13. Bb3 c6 14.
Rad1 b6 15. Ke3 Kf8 16. Rd6 a5 17. Rhd1 Ke7 18. a4 Ba6 19. R6d4 g5 20. h3 h5 21. Rd6 Bc4 22. Rh6 Rh8 23. Rdd6 Be6 24. Rxh8 Rxh8 25. Rd4 h4 26. Bxe6 fxe6 27. b3 Ng6 28. Ne2 Rf8 29. Rd2 d5 30. c3 Kd6 31. b4 Nf4 32. Nxf4 gxf4+ 33. Kd3 c5 34. b5 Rg8 35. Rf2 Ke5 36.
exd5 exd5 37. Re2+ Kf5 38. Kd2 Rg6 39. Kd3 Re6 40.
Rxe6 Kxe6 41. Kd2 c4 42. Ke2 Ke5 43. Kd2 d4 44. Kc2 Kd5 45. Kd2 dxc3+ 46. Kxc3 Kc5 47. Kc2 Kb4 0-1

[Event "*** Titled Tuesday Blitz"]
[Site "Chess.com"]
[Date "2018.01.02"]
[Round "6"]
[White "Bryakin_Mikhail"]
[Black "TheNomNomFactor"]
[Result "1-0"]
[WhiteElo "2531"]
[BlackElo "2399"]
[TimeControl "180+2"]
[EndTime "14:20:18 PST"]
[Termination "Bryakin_Mikhail won by resignation"]

1. d4 Nf6 2. c4 g6 3. Nc3 d5 4.
Bg5 Ne4 5. Bh4 Nxc3 6. bxc3 dxc4 7. e3 Be6 8. Nf3 Bg7 9. Qb1 b6 10. Be2 c5 11. O-O O-O 12. Rd1 Nd7 13. Qb2 Rc8 14. d5 Bg4 15. h3 Bxf3 16. Bxf3 Bf6 17. Bxf6 exf6 18. Be2 Ne5 19. f4 Nd3 20. Bxd3 cxd3 21. Rxd3 c4 22. Rd4 Re8 23. e4 Qd6 24. Qd2 b5 25.
Rb1 Qc5 26. Kh1 a5 27. d6 Red8 28. Rd5 Qc6 29. Rbxb5 Rxd6 30. Rxa5 Rcd8 31. Rxd6 Rxd6 32. Rd5 Re6 33. Qd4 Kg7 34. e5 fxe5 35. Rxe5 Rf6 36. Rc5 Qa4 37. Rxc4 Qxa2 38. Rc6 Qb1+ 39. Kh2 Qf5 40.
Qxf6+ Qxf6 41. Rxf6 Kxf6 42. Kg3 Ke6 43. Kg4 Kd5 44.
Kg5 Ke4 45. Kf6 Kxf4 46. Kxf7 g5 47. Kg7 h5 48. c4 g4 49. c5 Ke5 50. h4 Kd5 51.
Kg6 1-0

[Event "*** Titled Tuesday Blitz"]
[Site "Chess.com"]
[Date "2018.01.02"]
[Round "6"]
[White "juniortay"]
[Black "jposthuma"]
[Result "1-0"]
[WhiteElo "2298"]
[BlackElo "2321"]
[TimeControl "180+2"]
[EndTime "14:20:23 PST"]
[Termination "juniortay won by resignation"]

1. e4 c6 2. Nf3 d5 3. exd5 cxd5 4. Ne5 Nc6 5. d4 Nf6 6. Bb5 Bd7 7. Nxd7 Qxd7 8. c3 e6 9. O-O a6 10. Bd3 Bd6 11. Nd2 O-O 12. Qe2 b5 13. a3 Na5 14.
f4 Nc4 15. Nf3 Rfc8 16. Ne5 Qa7 17. Kh1 a5 18. Rf3 Qb7 19. f5 exf5 20. Rxf5 Re8 21. Bg5 Bxe5 22. dxe5 Nd7 23. Rxf7 Kxf7 24. Qh5+ Ke6 25.
Qg4+ Kf7 26. Qh5+ Ke6 27. Qg4+ Kf7 28. Qf5+ Nf6 29. Bxf6 g6 30. Qh3 Nxe5 31. Qxh7+ Kxf6 32. Qxb7 Nxd3 33. Qxd5 Nxb2 34. Rf1+ Kg7 35. Qd7+ Kh6 36. Qd2+ Kg7 37. Qxb2 Rac8 38. c4+ Kh6 39. cxb5 1-0

[Event "*** Titled Tuesday Blitz"]
[Site "Chess.com"]
[Date "2018.01.02"]
[Round "6"]
[White "pandamaster3000"]
[Black "ckgchess"]
[Result "1/2-1/2"]
[WhiteElo "2282"]
[BlackElo "2470"]
[TimeControl "180+2"]
[EndTime "14:20:25 PST"]
[Termination "Game drawn by repetition"]

1. e4 c5 2. Nf3 d6 3. Bb5+ Nd7 4. d4 cxd4 5. Qxd4 a6 6. Bxd7+ Bxd7 7. c4 e5 8. Qd3 b5 9. Na3 Qb8 10. O-O h6 11. Rd1 Nf6 12. h3 Be7 13. b3 O-O 14.
Bb2 Qb7 15. Rac1 Bc6 16. Nd2 Bxe4 17. Nxe4 Nxe4 18. cxb5 axb5 19. Nxb5 Nc5 20. Qc4 Rxa2 21.
Nxd6 Bxd6 22. Rxd6 Ne4 23. Rd5 Rxb2 24. Qxe4 Rd2 25.
Rxe5 Qxb3 26. Re8 Rd8 27. Rxf8+ Kxf8 28. Re1 Qa3 29. Qe3 Qd6 30. Qe5 Qb4 31. Qe3 Kg8 32. Qe4 Qd6 33. Qe5 Qb4 34. Qe4 Qd2 35. Qe2 Qd6 36.
Qe5 Qg6 37. Qe4 Qg5 38. Qe5 Qd2 39. Qe2 Qa5 40. Qe5 Qb6 41. Qe3 Qd6 42. Qe5 1/2-1/2

[Event "*** Titled Tuesday Blitz"]
[Site "Chess.com"]
[Date "2018.01.02"]
[Round "6"]
[White "VeraNebolsina"]
[Black "capatl"]
[Result "1-0"]
[WhiteElo "2323"]
[BlackElo "2389"]
[TimeControl "180+2"]
[EndTime "14:20:26 PST"]
[Termination "VeraNebolsina won by resignation"]

1. e4 c5 2. Nf3 e6 3. c3 Nf6 4. e5 Nd5 5. d4 cxd4 6. Qxd4 Be7 7. Bd3 d6 8. Qg4 g6 9. Bh6 Nc6 10. Bb5 Qb6 11. Na3 Bd7 12. exd6 Bxd6 13. Nc4 Qc7 14. Nxd6+ Qxd6 15. Bxc6 Bxc6 16. Bg7 Rg8 17. Be5 Qc5 18. Bd4 Qb5 19. Ne5 Ne7 20. O-O-O Nf5 21. Nxc6 Qxc6 22. Bf6 Ne7 23. Rhe1 Nd5 24. Qh4 h6 25. Bd4 h5 26.
Qg5 Rd8 27. Kb1 a6 28. Ka1 Rd7 29. Be5 Ne7 30. Bf6 Nf5 31. f3 Qa4 32. Rxd7 Kxd7 33.
Qd2+ Kc8 34. g4 Ng7 35. Rd1 Kb8 36. Qd6+ Ka8 37. b3 Ne8 38. Qd8+ Ka7 39. bxa4 1-0

[Event "*** Titled Tuesday Blitz"]
[Site "Chess.com"]
[Date "2018.01.02"]
[Round "6"]
[White "danir29"]
[Black "Robert_Chessmood"]
[Result "1-0"]
[WhiteElo "2522"]
[BlackElo "2716"]
[TimeControl "180+2"]
[EndTime "14:20:29 PST"]
[Termination "danir29 won by resignation"]

1. d4 Nf6 2. Nf3 d5 3. Bf4 Bf5 4. e3 e6 5. c4 Be7 6. Nc3 O-O 7. Rc1 c5 8. cxd5 Nxd5 9. Nxd5 exd5 10. dxc5 Nd7 11.
Nd4 Bg6 12. b4 a5 13. a3 axb4 14. axb4 Bf6 15. Be2 Ne5 16. O-O Nc6 17. Nxc6 bxc6 18. b5 cxb5 19. Bxb5 Qa5 20. Bc6 Rac8 21. Bxd5 Rfd8 22.
Bd6 h6 23. Qg4 Kh7 24. e4 Bg5 25. Ra1 Qd2 26. h4 Bf6 27. h5 Bxa1 28. hxg6+ fxg6 29. Rxa1 h5 30. Qg3 Qb2 31. Ra7 Rxd6 32. Qxd6 Qc1+ 33.
Kh2 Rxc5 34. Qe5 Qh6 35. Bg8+ Kxg8 36. Qxc5 h4 37. Qe5 h3 38. g3 Kh7 39. f4 Kg8 40.
Qg5 1-0

[Event "*** Titled Tuesday Blitz"]
[Site "Chess.com"]
[Date "2018.01.02"]
[Round "6"]
[White "Boryboy"]
[Black "GM_dmitrij"]
[Result "0-1"]
[WhiteElo "2428"]
[BlackElo "2617"]
[TimeControl "180+2"]
[EndTime "14:20:39 PST"]
[Termination "GM_dmitrij won by resignation"]

1. d4 d5 2. Bf4 Nf6 3. e3 c5 4. c3 Nc6 5. Nd2 e6 6. Ngf3 cxd4 7.
exd4 Nh5 8. Be5 f6 9. Bg3 Nxg3 10. hxg3 Kf7 11. Bd3 g6 12. Qc2 Bd6 13. O-O-O Kg7 14. Nh4 Ne7 15. f4 Bd7 16. Rh2 b5 17. Rdh1 b4 18.
Nxg6 Nf5 19. Bxf5 exf5 20. Nxh8 Qxh8 21. Qd1 bxc3 22. bxc3 Ba3+ 23. Kb1 Rb8+ 24. Nb3 Be8 25.
Qe2 Bg6 26. Qa6 Be7 27. Re1 Qd8 28. Qxa7 Kf7 29. Rhh1 Rc8 30. Re3 Rc7 31. Qa6 Qc8 32. Rhe1 Bf8 33. Kb2 Kg7 34. Qe6 Qa8 35. Qb6 Rb7 36.
Qe6 Bf7 37. Qxf5 Qa3+ 38. Ka1 Rxb3 39. Qg4+ Kh8 40. Qe2 Rxc3 41. Rxc3 Qxc3+ 0-1

[Event "*** Titled Tuesday Blitz"]
[Site "Chess.com"]
[Date "2018.01.02"]
[Round "6"]
[White "comedy_of_errors"]
[Black "jcibarra"]
[Result "1-0"]
[WhiteElo "2604"]
[BlackElo "2712"]
[TimeControl "180+2"]
[EndTime "14:20:45 PST"]
[Termination "comedy_of_errors won by resignation"]

1. Nf3 Nf6 2. g3 g6 3. Bg2 Bg7 4. b3 Ne4 5. d4 c5 6. O-O cxd4 7. Nxd4 d5 8. Bb2 O-O 9. Nd2 Qb6 10. Nxe4 dxe4 11. e3 Rd8 12. Qc1 e5 13. Ne2 Bg4 14.
Nc3 f5 15. h3 Bf3 16. Na4 Qc7 17. Ba3 Nd7 18. Nb2 Nf6 19. Nc4 b5 20. Nd2 Bxg2 21. Kxg2 Qc3 22. Rd1 Rac8 23. Be7 Re8 24. Bxf6 Bxf6 25.
Qa3 Qc6 26. c4 a6 27. Rac1 Qb7 28. c5 f4 29. b4 Red8 30. Qb3+ Kg7 31. Qc2 fxe3 32.
fxe3 Rd3 33. c6 Qb6 34. Nxe4 Rxd1 35. Qxd1 Rd8 36. Qe2 Be7 37. c7 Rc8 38. Qc2 Qxe3 39. Rd1 Kf8 40. Rd7 Ke8 41. Qc6 Qe2+ 42. Nf2 Kf8 43.
Qb7 Re8 44. c8=Q Rxc8 45. Qxc8+ Kf7 46. Qb7 Qe4+ 47. Nxe4 1-0

[Event "*** Titled Tuesday Blitz"]
[Site "Chess.com"]
[Date "2018.01.02"]
[Round "6"]
[White "timator"]
[Black "Slmctk"]
[Result "1/2-1/2"]
[WhiteElo "2317"]
[BlackElo "2318"]
[TimeControl "180+2"]
[EndTime "14:20:47 PST"]
[Termination "Game drawn by repetition"]

1. Nf3 Nf6 2. g3 b6 3. Bg2 Bb7 4. O-O e6 5. b3 Be7 6. Bb2 O-O 7.
d3 c5 8. Nbd2 d6 9. e4 Qc7 10. Qe2 Nbd7 11. Rae1 Rfe8 12. Nh4 Bf8 13. f4 b5 14. Nhf3 a5 15. e5 Nd5 16. exd6 Bxd6 17. Ne4 Bf8 18. Ne5 a4 19. Qh5 N7f6 20. Qh3 axb3 21. axb3 Ra2 22. Rb1 Nxe4 23. Bxe4 Nf6 24.
Bxb7 Qxb7 25. Ng4 Nxg4 26. Qxg4 c4 27. bxc4 Qa7+ 28. Kh1 bxc4 29. dxc4 Qb7+ 30. Qf3 Qa6 31. c5 Rc8 32. f5 exf5 33. Qxf5 Qb7+ 34. Qf3 Qxf3+ 35.
Rxf3 Rxc5 36. Bd4 Rcxc2 37. Bg1 Rcb2 38. Rc1 Rc2 39. Rd1 Rd2 40. Rb1 Rdb2 41. Re1 Re2 42. Rd1 Red2 43. Rc1 Rdc2 44. Re1 Re2 45. Rb1 Reb2 46.
Rc1 Rc2 47. Rd1 Rd2 1/2-1/2

[Event "*** Titled Tuesday Blitz"]
[Site "Chess.com"]
[Date "2018.01.02"]
[Round "6"]
[White "Al_Shima"]
[Black "CookiesAndIceCream"]
[Result "0-1"]
[WhiteElo "2201"]
[BlackElo "2097"]
[TimeControl "180+2"]
[EndTime "14:20:54 PST"]
[Termination "CookiesAndIceCream won by checkmate"]

1. b3 e5 2. Bb2 Nc6 3. e3 d5 4. Bb5 Bd6 5. f4 f6 6. fxe5 fxe5 7. Nf3 Nh6 8. Nxe5 Qh4+ 9. g3 Qe4 10. Qf3 Qxc2 11.
Bc3 Bxe5 12. Na3 Qxc3 13. dxc3 Bxc3+ 14. Kf2 Rf8 15. Qxf8+ Kxf8 16. Rad1 Be6 17. Nc2 Ke7 18. h3 Ne5 19. Nd4 c6 20. Be2 Bb4 21. Kg2 Rf8 22. Rhf1 Rxf1 23. Rxf1 Bc5 24. g4 Bd7 25. a4 g6 26. Kg3 Nhf7 27. h4 Nd6 28. Kg2 Ne4 29.
g5 Bb4 30. Rc1 Bd2 31. Rd1 Bxe3 32. Nf3 Bf4 33. Nd4 Be3 34. Nf3 Nxf3 35. Bxf3 Bf5 36.
Re1 Bc5 37. Re2 Kd6 38. Re1 Bd4 39. Bd1 Be5 40. Be2 Bg3 41. Rd1 Bxh4 42. Rh1 Bxg5 43.
Rxh7 Nc3 44. Bf3 d4 45. Rxb7 d3 46. Rxa7 d2 47. a5 Be4 48. Bxe4 Nxe4 49. Kf3 d1=Q+ 50. Kxe4 Qd5# 0-1

[Event "*** Titled Tuesday Blitz"]
[Site "Chess.com"]
[Date "2018.01.02"]
[Round "6"]
[White "RobertoJBM"]
[Black "OparinGrigoriy"]
[Result "0-1"]
[WhiteElo "2560"]
[BlackElo "2727"]
[TimeControl "180+2"]
[EndTime "14:20:56 PST"]
[Termination "OparinGrigoriy won on time"]

1. d4 Nf6 2. c4 e6 3. Nf3 b6 4. g3 Bb7 5. Bg2 Be7 6. O-O O-O 7.
Nc3 Ne4 8. Bd2 Bf6 9. Rc1 Nxd2 10. Qxd2 d6 11. e4 Nd7 12. d5 e5 13. Ne1 a5 14. Nd3 g6 15. Rce1 Bg7 16. b3 c6 17.
dxc6 Bxc6 18. Rd1 Re8 19. Qe3 Qc7 20. Bh3 Nb8 21. Nb2 Rd8 22. Rd3 Na6 23. Rfd1 Rab8 24. R3d2 h5 25. Nba4 Kh7 26. Re2 Bh6 27. Qf3 Kg7 28.
Nd5 Bxd5 29. Rxd5 Nb4 30. Rd1 Nc6 31. Qd3 Nd4 32. Ree1 b5 33. cxb5 Rxb5 34. Nc3 Rc5 35.
Ne2 Nxe2+ 36. Rxe2 Bg5 37. Bg2 h4 38. Bf1 Rc3 39. Qb5 Qa7 40. Rd3 Rc5 41. Qa4 hxg3 42. hxg3 Rc1 43. Kg2 Qc7 44. Qb5 Rh8 45. Qd5 Qc8 46. Rd1 Rxd1 47. Qxd1 Qh3+ 48. Kf3 Qh1+ 0-1

[Event "*** Titled Tuesday Blitz"]
[Site "Chess.com"]
[Date "2018.01.02"]
[Round "6"]
[White "geeeeri"]
[Black "Incognito_Knight"]
[Result "0-1"]
[WhiteElo "2406"]
[BlackElo "2538"]
[TimeControl "180+2"]
[EndTime "14:21:03 PST"]
[Termination "Incognito_Knight won by checkmate"]

1. e4 c5 2. Nf3 e6 3. d3 Nc6 4.
Nbd2 g6 5. g3 Bg7 6. Bg2 Nge7 7.
O-O O-O 8. Re1 d6 9. Nf1 b5 10.
h4 a5 11. N1h2 a4 12. h5 a3 13. c3 axb2 14. Bxb2 b4 15. d4 Qb6 16. e5 bxc3 17. Bxc3 Nd5 18. dxc5 Qxc5 19. Bd2 dxe5 20. h6 Bh8 21.
Ng4 e4 22. Rc1 Qb5 23. Bf1 Qb6 24. Rxe4 f5 25. Rec4 fxg4 26. Rxc6 Qa7 27. Bg2 gxf3 28. Bxf3 Qf7 29. Bf4 Nxf4 30. Rc7 Nh3+ 31. Kg2 Qxf3+ 32. Qxf3 Rxf3 33. Kxf3 Ba6 34. Re7 Ng5+ 35. Kg4 Nf7 36. Rcc7 Nxh6+ 37. Kg5 Nf5 38. Rxh7 Rf8 39. g4 Ng7 40.
Kxg6 Bd3+ 41. Kg5 Bxh7 42. f4 Ne8 43. Re7 Bf6+ 44. Kh6 Bxe7 45. g5 Rxf4 46. Kh5 Ng7+ 47. Kh6 Rh4# 0-1